 Dungeon Crawl Stone Soup version 0.14-a0-3350-g14ab857 (webtiles) character file.

313 Sabsy the Sneak (level 6, 0/35 HPs)
             Began as a Tengu Assassin on Mar 18, 2014.
             Was a Follower of Dithmenos.
             Slain by an orc (2 damage)
             ... on Level 4 of the Dungeon.
             The game lasted 00:18:09 (3519 turns).

Sabsy the Sneak (Tengu Assassin)                    Turns: 3519, Time: 00:18:09

HP   0/35        AC  3     Str 12      XL: 6   Next:  4%
MP   8/8         EV 14     Int 11      God: Dithmenos [*.....]
Gold 81          SH  0     Dex 17      Spells:  0 memorised,  5 levels left

rFire  . . .     SeeInvis .     a - +2 dagger
rCold  . . .     Clarity  .     c - +0 robe
rNeg   . . .     Conserve .     (no shield)
rPois  .         rCorr    .     (helmet restricted)
rElec  .         rRot     .     d - +0 cloak
SustAb . .       Spirit   .     (no gloves)
rMut   .         Warding  .     (boots unavailable)
Saprov . . .     Stasis   .     (no amulet)
MR     .....                    (no ring)
                                (no ring)

@: wreathed by umbra, not resistant to hostile enchantments, very stealthy
A: able to fly, beak, talons 3
a: Fly, Renounce Religion


You were on level 4 of the Dungeon.
You worshipped Dithmenos.
Dithmenos was aware of your devotion.
You were hungry.

You visited 1 branch of the dungeon, and saw 4 of its levels.

You collected 81 gold pieces.

Inventory:

Hand weapons
 a - a +2,+2 dagger (weapon)
 b - a +0 blowgun
Missiles
 e - 8 poisoned needles
 f - 2 curare-tipped needles
Armour
 c - a +0 robe (worn)
 d - a +0 cloak (worn)
Comestibles
 g - 3 bread rations
 j - a sausage
 l - a choko
Scrolls
 h - 2 scrolls of remove curse
 i - a scroll of enchant weapon I
 k - a scroll of magic mapping {unknown}
 m - 2 scrolls of immolation {unknown}
 n - a scroll of amnesia {unknown}
 o - 3 scrolls of teleportation {unknown}
 q - a scroll of enchant armour {unknown}
 s - 2 scrolls of identify
 u - 5 scrolls of random uselessness {unknown}
 w - a scroll of blinking {unknown}
 x - 2 scrolls of recharging {unknown}
Potions
 p - a potion of poison {unknown}
 r - a potion of brilliance


   Skills:
 - Level 2.0 Fighting
 + Level 4.5 Short Blades
 - Level 2.1 Throwing
 + Level 3.3 Dodging
 + Level 5.3 Stealth


You had 5 spell levels left.
You didn't know any spells.

Dungeon Overview and Level Annotations

Branches:
Dungeon (4/15)
 Temple: D:4-7

Altars:
Dithmenos
Vehumet
Zin


Innate Abilities, Weirdness & Mutations

You can fly.
You have a beak for a mouth.
You have claws for feet.


Message History

Dithmenos accepts your kill.
You hit something. You claw something. You peck something.
Something barely misses you. The magic dart hits you!
* * * LOW HITPOINT WARNING * * *
You hit the orc but do no damage. You closely miss something.
You claw something. You closely miss something. You claw something.
Your peck misses something. Something hits you.
* * * LOW HITPOINT WARNING * * *
You hit something but do no damage. You claw something.
Dithmenos accepts your kill.
Dithmenos appreciates your extinguishing a source of fire.
Reactivating autopickup.
You have reached level 6!
Your experience leads to an increase in your attributes!
Increase (S)trength, (I)ntelligence, or (D)exterity?
You feel agile.
You feel a bit more experienced. The orc hits you.
You die...

## .. #.
#####.# #.
...... #. #...#
#. ######...#
##. ..#.
#...@)...#.....
#.#.
#....o...'.....
#...
#........#...##
#... #........+
># #...
#........#
..###+#...
#........#
..........
#........#
#.........
#........#
#........
#........#
#......##


You could see an orc.

Vanquished Creatures
  An orc priest (D:3)
  2 orc wizards
  4 adders
  An inept feature mimic (D:2)
  2 giant geckos
  An ooze (D:2)
  11 orcs
  7 giant cockroaches
  14 goblins
  12 hobgoblins
  7 jackals
  8 kobolds
  4 quokkas
  A ball python (D:2)
  9 bats
  A giant newt (D:3)
  9 rats
94 creatures vanquished.

Notes
Turn   | Place    | Note
--------------------------------------------------------------
     0 | D:1      | Sabsy, the Tengu Assassin, began the quest for the Orb.
     0 | D:1      | Reached XP level 1. HP: 12/12 MP: 1/1
   158 | D:1      | Reached XP level 2. HP: 12/17 MP: 3/3
   584 | D:1      | Reached XP level 3. HP: 21/21 MP: 4/4
  1051 | D:2      | Found a shadowy altar of Dithmenos.
  1060 | D:2      | Became a worshipper of Dithmenos
  1094 | D:2      | Found a radiant altar of Vehumet.
  1625 | D:2      | Reached XP level 4. HP: 26/26 MP: 5/5
  2278 | D:3      | Reached XP level 5. HP: 24/30 MP: 7/7
  2723 | D:3      | Reached skill level 5 in Stealth
  3386 | D:4      | Found a glowing silver altar of Zin.
  3519 | D:4      | Reached XP level 6. HP: 2/35 MP: 8/8
  3519 | D:4      | Slain by an orc

Action                   |  1- 3 |  4- 6 || total
-------------------------+-------+-------++-------
Melee: Dagger            |    98 |   161 ||   259
 Abil: Fly               |       |     1 ||     1
  Use: Potion            |     4 |     4 ||     8
       Scroll            |     4 |       ||     4
 Stab: Sleeping          |     4 |     5 ||     9
